 Dungeon Crawl Stone Soup version 0.27-a0-242-ge0fc76b88b (webtiles) character file.

Game seed: 2156622982308625456

3773 Dittersdorf the Fighter (level 10, -8/65 HPs)
             Began as a Gargoyle Fighter on Feb 2, 2021.
             Mangled by a rust devil (11 damage)
             ... on level 6 of the Dungeon.
             The game lasted 00:10:03 (6687 turns).

Dittersdorf the Fighter (Gargoyle Fighter)          Turns: 6687, Time: 00:10:03

Health: -8/65      AC: -15   Str: 28    XL:     10   Next: 16%
Magic:  0/10       EV:  8    Int:  9    God:
Gold:   427        SH: 13    Dex: 10    Spells: 9/9 levels left

rFire    . . .     SeeInvis .   y - +1 flail (holy)
rCold    + . .     Faith    .   c - +1 kite shield
rNeg     + . .     Spirit   +   z - +2 scale mail {rC+}
rPois    ∞         Reflect  .   e - +0 helmet
rElec    +         Harm     .   h - +0 cloak
rCorr    .         Rampage  .   (no gloves)
Will     .....                  (no boots)
Stlth    ..........             q - amulet of guardian spirit
HPRegen  0.20/turn              i - +4 ring of protection
MPRegen  0.12/turn              v - +6 ring of strength

@: mighty, corroded
A: negative energy resistance 1, electricity resistance, unbreathing,
petrification resistance, miasma immunity, AC +7
a: no special abilities


You were on level 6 of the Dungeon.
You visited 1 branch of the dungeon, and saw 7 of its levels.

You collected 427 gold pieces.

Inventory:

Hand Weapons
 y - a +1 flail of holy wrath (weapon)
Missiles
 o - 29 poisoned darts (quivered)
 x - 2 throwing nets
Armour
 c - a +1 kite shield (worn)
 e - a +0 helmet (worn)
 h - a +0 cloak (worn)
 z - a +2 scale mail of cold resistance (worn)
Jewellery
 i - a +4 ring of protection (left hand)
 q - an amulet of guardian spirit (around neck)
 v - a +6 ring of strength (right hand)
Wands
 f - a wand of acid (8)
Scrolls
 a - a scroll of enchant weapon
 b - 2 scrolls of remove curse
 l - 2 scrolls of enchant armour
 m - 3 scrolls of teleportation
 w - a scroll of magic mapping
Potions
 g - a potion of cancellation {unknown}
 j - 2 potions of flight
 n - a potion of brilliance
 p - a potion of haste
 r - a potion of resistance
 s - a potion of berserk rage
 t - 2 potions of magic
 u - a potion of mutation


   Skills:
 + Level 8.6 Fighting
 + Level 7.4 Maces & Flails
 + Level 8.5 Armour
 + Level 8.5 Shields


You had 9 spell levels left.
You didn't know any spells.
Your spell library was empty.

Dungeon Overview and Level Annotations

Branches:
Dungeon (7/15)
 Temple: D:4-7

Altars:
Ashenzari
Elyvilon
Fedhas
Makhleb
Ru
Sif Muna
Wu Jian
Xom
Zin
The Shining One

Annotations:
D:4 , 2 transporters, foci's ghost, amateur GrFi


Innate Abilities, Weirdness & Mutations

You are resistant to torment.
Your stone body is resilient. (AC +7)
You are immune to poison.
You resist negative energy. (rN+)
You are resistant to electric shocks. (rElec)
You can survive without breathing.
You are immune to petrification.
You are immune to miasma.


Message History

You hit the rust devil but do no damage.
The rust devil is moderately wounded.
You block the rust devil's attack. x2
You barely miss the rust devil.
The rust devil is lightly wounded.
The rust devil hits you!
* * * LOW HITPOINT WARNING * * *
The rust devil corrodes you!
You hit the rust devil but do no damage.
The rust devil is lightly wounded.
The rust devil hits you!
* * * LOW HITPOINT WARNING * * *
The rust devil corrodes you!
You hit the rust devil but do no damage.
The rust devil is lightly wounded.
You block the rust devil's attack.
You hit the rust devil.
The rust devil convulses.
The rust devil is heavily wounded.
The rust devil hits you!
You die...

................### ##.>..#.....
.........^#.......#####[..###....
##.#.....#......#..........#.##.#
#....##..##........###........#.#
.....###.........### ###.........
.....##.........##)#+#)##....###.
.....##..(......#♣.....♣#...## #.
...#.###.......##4......##..# ##
...#..#.....##.#@...8... #..#####
.............#.##.......##......#
.......##.......#♣.....♣#....#.##
.......<###.....##)#+#)##....#.##
........###......### ###.........
..(................###.....##....
.....###........#................
......#..##....##....#...........
.........#.....#.##..#......#.#..


You could see a rust devil.

Vanquished Creatures
  Harold (D:6)
  Pikel (D:5)
  A rust devil (D:7)
  Sigmund (D:2)
  Menkaure (D:4)
  Edmund (D:5)
  An ice beast (D:6)
  4 orc warriors
  A black bear (D:6)
  2 ogres
  A lemure (D:6)
  A centaur (D:6)
  A phantom (D:5)
  A bullfrog (D:6)
  A scorpion (D:4)
  6 killer bees (D:3)
  3 hounds
  A jelly (D:5)
  Crazy Yiuf (D:4)
  Jessica (D:2)
  3 centaur skeletons
  3 orc wizards
  4 worker ants
  A hound zombie (D:6)
  8 gnolls
  8 adders
  A white imp (D:5)
  An ooze (D:2)
  An adder skeleton (D:5)
  2 worms
  2 dart slugs (D:2)
  7 leopard geckos
  10 orcs
  A ball python (D:6)
  7 giant cockroaches
  10 goblins
  7 hobgoblins
  3 jackals (D:2)
  5 kobolds
  5 quokkas
  6 bats
  2 frilled lizards
  6 rats
134 creatures vanquished.

Vanquished Creatures (others)
  3 fungi (D:4)
3 creatures vanquished.

Grand Total: 137 creatures vanquished

Notes
Turn   | Place    | Note
-------+----------+-------------------------------------------
     0 | D:1      | Dittersdorf the Gargoyle Fighter began the quest for the
                  | Orb.
     0 | D:1      | Reached XP level 1. HP: 14/14 MP: 1/1
    72 | D:1      | Reached XP level 2. HP: 12/19 MP: 2/2
  1033 | D:2      | Reached XP level 3. HP: 22/23 MP: 3/3
  1531 | D:2      | Reached XP level 4. HP: 21/29 MP: 4/4
  1685 | D:2      | Found a burning altar of Makhleb.
  1704 | D:2      | Found a glowing silver altar of Zin.
  1704 | D:2      | Noticed a balrug
  1704 | D:2      | Noticed an angel
  1709 | D:2      | Noticed Jessica
  1721 | D:2      | Killed Jessica
  2089 | D:2      | Found a hazy altar of Hepliaklqana.
  2091 | D:2      | Found a white marble altar of Elyvilon.
  2091 | D:2      | Found an opulent altar of Gozag.
  2093 | D:2      | Found an ornate altar of the Wu Jian Council.
  2093 | D:2      | Found a shimmering altar of Xom.
  2093 | D:2      | Found a blossoming altar of Fedhas.
  2094 | D:2      | Noticed Sigmund
  2146 | D:2      | Killed Sigmund
  2147 | D:2      | Reached XP level 5. HP: 13/34 MP: 5/5
  2147 | D:2      | Reached XP level 6. HP: 15/39 MP: 6/6
  2571 | D:3      | Found a sacrificial altar of Ru.
  2966 | D:3      | Reached skill level 5 in Fighting
  2969 | D:3      | Reached skill level 5 in Armour
  2969 | D:3      | Reached skill level 5 in Shields
  2969 | D:3      | Reached XP level 7. HP: 43/44 MP: 7/7
  3332 | D:3      | Found a broken altar of Ashenzari.
  3706 | D:4      | Noticed foci's ghost (amateur GrFi)
  3746 | D:4      | Found a white marble altar of Elyvilon.
  3784 | D:4      | Found a runed translucent door.
  3785 | D:4      | Noticed Crazy Yiuf
  4073 | D:4      | Noticed Menkaure
  4079 | D:4      | Killed Menkaure
  4080 | D:4      | Reached XP level 8. HP: 45/51 MP: 6/8
  4283 | D:4      | Found a transporter.
  4285 | D:4      | Found a transporter.
  4576 | D:4      | Killed Crazy Yiuf
  4651 | D:5      | Entered Level 5 of the Dungeon
  4727 | D:5      | Reached skill level 5 in Maces & Flails
  4743 | D:5      | Noticed Edmund
  4761 | D:5      | Killed Edmund
  5175 | D:5      | Found a glowing golden altar of the Shining One.
  5371 | D:5      | Found a shimmering blue altar of Sif Muna.
  5580 | D:6      | Reached XP level 9. HP: 57/57 MP: 7/9
  5850 | D:6      | Noticed Pikel
  5887 | D:5      | Killed Pikel
  6038 | D:6      | Found a blossoming altar of Fedhas.
  6246 | D:7      | Noticed Harold
  6288 | D:6      | Killed Harold
  6430 | D:7      | Reached XP level 10. HP: 62/64 MP: 10/10
  6510 | D:6      | Noticed a rust devil
  6510 | D:6      | Noticed a rust devil
  6619 | D:7      | Killed a rust devil
  6685 | D:6      | HP: 2/65 [rust devil (7)]
  6687 | D:6      | Mangled by a rust devil

Illustrated notes

Levels and vault maps discovered:
D:1:      dpeg_arrival_rooms_a, layout_basic, minmay_misc_feat_room
D:2:      layout_loops_ring, grunt_temple_overflow_order_and_chaos_2,
          doesnt_xom_only_xom, uniq_jessica, uniq_sigmund
D:3:      layout_loops_ring, nicolae_ru_sacrificial_ziggurat,
          lemuel_crystal_altar
D:4:      layout_loops_ring, elyvilon_altar_1, gammafunk_ghost_smash,
          uniq_crazy_yiuf_cottage, uniq_menkaure
D:5:      layout_gridville, lemuel_crystal_altar, lemuel_blue_sif_altar,
          uniq_edmund
D:6:      cheibrodos_iron_armory, layout_cave_pools, fedhas_altar_1,
          minmay_misc_feat_five, uniq_pikel
D:7:      layout_loops_ring, minmay_temple_entry_fiery, uniq_harold

Skill      XL: |  1  2  3  4  5  6  7  8  9 |
---------------+----------------------------+-----
Fighting       | 4 5 7 8 |  8.6
Armour         | 4 5 6 8 |  8.5
Shields        | 4 5 6 8 |  8.5
Maces & Flails | 3 4 5 7 |  7.4

Action                   |  1- 3 |  4- 6 |  7- 9 | 10-12 || total
-------------------------+-------+-------+-------+-------++-------
Melee: Flail             |   143 |    89 |   385 |    61 ||   678
Throw: Dart              |       |     4 |    16 |       ||    20
  Use: Potion            |       |     1 |       |     1 ||     2
       Scroll            |       |       |    17 |       ||    17
Armor: Scale mail        |    83 |    59 |   119 |    28 ||   289
       Chain mail        |       |       |   108 |       ||   108
Dodge: Dodged            |    58 |    31 |   126 |    10 ||   225
Block: Kite shield       |    71 |    52 |   288 |    30 ||   441

Table legend: (Time is in decaauts)
 A = Elapsed time spent in this place.
 B = Non-inter-level travel time spent in this place.
 C = Inter-level travel time spent in this place.
 D = Time resting spent in this place.
 E = Time spent auto-exploring this place.
 F = Levels seen in this place.
 G = Mean time per level.
                   A        B        C        D        E       F      G
               +--------+--------+--------+--------+--------+-----+--------+
         Total |   6945 |   6624 |    321 |    732 |   4277 |   7 |  992.1 |
       Dungeon |   6945 |   6624 |    321 |    732 |   4277 |   7 |  992.1 |
               +--------+--------+--------+--------+--------+-----+--------+

Top non-repeatable levels by time:
     D:2: 1576 daAuts
     D:3: 1209 daAuts
     D:1: 1051 daAuts
     D:4: 1016 daAuts
     D:6: 945 daAuts
     D:5: 867 daAuts
     D:7: 278 daAuts
